 Dungeon Crawl Stone Soup version 0.30-a0-39-g42789b21ef (webtiles) character file.

Game seed: 4269772907308091039

181 porpoise the Poker (level 5, -2/43 HPs)
             Began as a Merfolk Gladiator on Aug 28, 2022.
             Slain by Pikel
             ... wielding a +0 whip of flaming
              (3 damage)
             ... on level 4 of the Dungeon.
             The game lasted 00:06:25 (3427 turns).

porpoise the Poker (Merfolk Gladiator)              Turns: 3427, Time: 00:06:25

Health: -2/43      AC:  7    Str: 16    XL:     5   Next: 61%
Magic:  5/5        EV: 12    Int:  8    God:
Gold:   111        SH:  0    Dex: 15    Spells: 4/4 levels left

rFire   . . .      SeeInvis .    a - +0 trident
rCold   . . .      Faith    .    (no shield)
rNeg    . . .      Spirit   .    j - +0 ring mail
rPois   .          Reflect  .    c - +1 helmet
rElec   .          Harm     .    (no cloak)
rCorr   .          Rampage  .    (no gloves)
Will    .....                    (no boots)
Stlth   +.........               (no amulet)
HPRegen 0.14/turn                (no ring)
MPRegen 0.09/turn                (no ring)

@: hasted, very quick
A: (nimble swimmer 2), mertail
a: no special abilities


You were on level 4 of the Dungeon.
You visited 1 branch of the dungeon, and saw 4 of its levels.

You collected 111 gold pieces.

Inventory:

Hand Weapons
 a - a +0 trident (weapon)
 b - a +2 sling of freezing
Missiles
 e - a javelin (quivered)
 t - 9 poisoned darts
Armour
 c - a +1 helmet (worn)
 j - a +0 ring mail (worn)
Jewellery
 o - an amulet of magic regeneration
Scrolls
 f - a scroll of enchant armour
 g - a scroll of vulnerability {unknown}
 h - a scroll of teleportation
 q - a scroll of amnesia
 r - 2 scrolls of immolation
 u - 2 scrolls of identify
 v - a scroll of poison {unknown}
Potions
 i - a potion of haste
 l - a potion of magic {unknown}
 m - a potion of heal wounds {unknown}
 n - a potion of brilliance {unknown}
 p - a potion of mutation {unknown}
 s - a potion of flight {unknown}


   Skills:
 + Level 4.6 Fighting
 + Level 6.3 Polearms
 - Level 2.0 Throwing
 - Level 4.0 Dodging


You had 4 spell levels left.
You didn't know any spells.
Your spell library was empty.

Dungeon Overview and Level Annotations

Branches:
Dungeon (4/15)
 Temple: D:4-7

Altars:

Shops:
D:1 [

Annotations:
D:4 Pikel


Innate Abilities, Weirdness & Mutations

((You are very nimble when in or above water. (Stealth+, EV+, Speed+++)))
Your lower body shifts to a powerful aquatic tail in water.


Message History

You hit Pikel but do no damage.
Pikel is heavily wounded.
Pikel struggles against the net.
The net rips apart, and Pikel comes free!
You closely miss Pikel.
Pikel is heavily wounded.
Pikel hits you but does no damage.
You hit Pikel.
Pikel is severely wounded.
A lemure comes into view.
Pikel closely misses you.
The lemure shouts!
You hit Pikel but do no damage.
Pikel is severely wounded.
You hear a shout!
Pikel barely misses you.
You hit Pikel but do no damage.
Pikel is severely wounded.
Pikel hits you with a +0 whip of flaming.
Pikel burns you.
You hit Pikel.
Pikel is severely wounded.
Pikel says, "Hell isn't that bad."
Pikel hits you with a +0 whip of flaming.
* * * LOW HITPOINT WARNING * * *
Pikel burns you.
* * * LOW HITPOINT WARNING * * *
You feel better.
Pikel hits you with a +0 whip of flaming.
Pikel burns you.
* * * LOW HITPOINT WARNING * * *
You feel yourself speed up. Pikel hits you but does no damage.
You miss Pikel.
Pikel is severely wounded.
You hit Pikel.
Pikel is severely wounded.
Pikel hits you with a +0 whip of flaming!
* * * LOW HITPOINT WARNING * * *
Pikel burns you.
You die...

#####
#@K5#
###5#
#.#
#.#
#.####
#.K..#
####.#
.# ..


You could see Pikel and 2 lemures.

Vanquished Creatures
  A lemure (D:3)
  Natasha (D:2)
  Terence (D:3)
  5 adders
  5 worms (D:2)
  3 dart slugs
  10 bats
  6 endoplasms
  A giant cockroach (D:2)
  5 goblins
  2 hobgoblins
  6 jackals
  6 kobolds
  A quokka (D:1)
  10 ball pythons
  5 frilled lizards
  5 rats
73 creatures vanquished.

Notes
Turn   | Place    | Note
-------+----------+-------------------------------------------
     0 | D:1      | porpoise the Merfolk Gladiator began the quest for the Orb.
     0 | D:1      | Reached XP level 1. HP: 16/16 MP: 1/1
    85 | D:1      | Found Koko's Antique Armour Boutique.
    95 | D:1      | Reached XP level 2. HP: 23/23 MP: 2/2
   344 | D:1      | Found a faded altar of an unknown god.
   832 | D:1      | Reached XP level 3. HP: 27/29 MP: 3/3
  1189 | D:2      | Reached skill level 5 in Polearms
  1490 | D:2      | Reached XP level 4. HP: 35/35 MP: 4/4
  1892 | D:2      | Noticed Natasha
  1902 | D:2      | Killed Natasha
  2378 | D:2      | Reached XP level 5. HP: 41/42 MP: 5/5
  2567 | D:2      | Reached skill level 6 in Polearms
  3139 | D:3      | Noticed Terence
  3150 | D:3      | Killed Terence
  3235 | D:4      | Noticed a lemure
  3260 | D:3      | Killed a lemure
  3394 | D:4      | Noticed Pikel
  3394 | D:4      | Noticed a lemure
  3420 | D:4      | Noticed a lemure
  3427 | D:4      | HP: 1/43 [Pikel/+0 whip of flaming (10)]
  3427 | D:4      | Slain by Pikel

Illustrated notes

Levels and vault maps discovered:
D:1:      nzn_arrival_settlement, layout_basic, serial_shops,
          nicolae_shop_competitors_out_of_business, basic_ecumenical_altar
D:2:      layout_loops_ring, minmay_misc_feat_cross, uniq_natasha
D:3:      layout_rooms, uniq_terence
D:4:      layout_basic, gammafunk_temple_overflow_forgotten,
          minmay_temple_entry_nine_rooms, serial_demonic, serial_demonic_b,
          serial_demonic_a, serial_demonic_b, serial_demonic_g, kennysheep_dice,
          uniq_pikel

Skill      XL: |  1  2  3  4  5 |
---------------+----------------+-----
Fighting       | 3 4 |  4.6
Polearms       | 5 6 |  6.3
Throwing       | |  2.0
Dodging        | |  4.0

Action                   |  1- 3 |  4- 6 || total
-------------------------+-------+-------++-------
Melee: Trident           |    84 |   128 ||   212
       Punch             |     2 |       ||     2
 Fire: Sling             |    11 |    21 ||    32
Throw: Throwing net      |       |     3 ||     3
  Use: Scroll            |       |     6 ||     6
       Potion            |       |     2 ||     2
 Stab: Sleeping          |     4 |       ||     4
       Held in net/web   |       |     2 ||     2
Armor: Leather armour    |    12 |       ||    12
       Ring mail         |     7 |    31 ||    38
Dodge: Dodged            |    54 |    53 ||   107

Table legend: (Time is in decaauts)
 A = Elapsed time spent in this place.
 B = Non-inter-level travel time spent in this place.
 C = Inter-level travel time spent in this place.
 D = Time resting spent in this place.
 E = Time spent auto-exploring this place.
 F = Levels seen in this place.
 G = Mean time per level.
                   A        B        C        D        E       F      G
               +--------+--------+--------+--------+--------+-----+--------+
         Total |   3441 |   3331 |    110 |    939 |   1851 |   4 |  860.2 |
       Dungeon |   3441 |   3331 |    110 |    939 |   1851 |   4 |  860.2 |
               +--------+--------+--------+--------+--------+-----+--------+

Top non-repeatable levels by time:
     D:2: 1441 daAuts
     D:1: 1130 daAuts
     D:3: 810 daAuts
     D:4: 59 daAuts
